AoeStats
← hvon2749

Oasis

509508271Analyzed
4v4 RM · 6d ago on Sep 27, 2026· 58m 8s· 8 players
Game mode
Random Map
Map size
Large (8 player)
Population
200
Speed
Normal
Resources
Standard
Victory
Conquest
Starting age
Dark Age
Ending age
Imperial Age
RankedLock teamsTeams togetherTeam positionsShared explorationLock speedFull tech treeHidden civsTurbo modeCheats
Victory
Defeat
🇨🇴 Saxons · Colombia
677
+13
🇺🇸 Byzantines · United States
598
+16
🇺🇸 Franks · United States
555
+18
🇩🇪 Danes · Germany
539
+19
🇧🇷 Britons · Brazil
681
-20
🇧🇷 Japanese · Brazil
652
-19
🇳🇿 Koreans · New Zealand
550
-14
521
-13
alexgolan
0:34 Loom
15:22 Feudal Age
15:51 Horse Collar
16:01 Double-Bit Axe
18:05 Stone Mining
18:08 Gold Mining
19:55 Wheelbarrow
27:05 Castle Age
25:21 Scale Mail Armor
26:19 Forging
26:54 Scale Barding Armor
26:43 Fletching
26:54 Man-at-Arms
28:32 Heavy Plow
28:53 Bow Saw
29:03 Squires
29:20 Caravan
29:06 Long Swordsman
31:01 Chain Mail Armor
35:33 Iron Casting
35:19 Chain Barding Armor
39:09 Gold Shaft Mining
39:11 Stone Shaft Mining
40:05 Ballistics
39:26 Treadmill Crane
39:44 Murder Holes
47:23 Imperial Age
45:13 Bodkin Arrow
45:40 Fortified Wall
45:39 Husbandry
47:32 Greek Fire
49:09 Two-Man Saw
48:48 Plate Barding Armor
48:44 Plate Mail Armor
48:15 Bracer
48:34 Hand Cart
48:58 Hoardings
48:45 Conscription
47:49 Cavalier
50:40 Crop Rotation
50:15 Paladin
53:02 Chemistry
53:55 Pikeman
55:02 Halberdier
hvon2749
11:30 Feudal Age
11:57 Double-Bit Axe
14:05 Wheelbarrow
25:52 Castle Age
24:33 Stone Mining
24:33 Gold Mining
26:32 Pikeman
27:20 Elite Skirmisher
28:48 Bow Saw
35:30 Imperial Age
36:49 Fletching
39:32 Padded Archer Armor
39:29 Bodkin Arrow
43:25 Hand Cart
45:07 Squires
44:54 Gambesons
46:57 Elite Throwing Axeman
48:04 Onager
50:20 Husbandry
49:41 Cavalier
REYJAGUAR4660
2:54 Loom
11:51 Feudal Age
12:08 Man-at-Arms
12:32 Horse Collar
12:39 Double-Bit Axe
14:08 Town Watch
18:43 Scale Mail Armor
19:40 Forging
21:48 Arson
23:09 Padded Archer Armor
23:00 Fletching
27:13 Castle Age
27:53 Bodkin Arrow
29:10 Iron Casting
28:22 Gambesons
28:41 Squires
28:47 Crossbowman
30:34 Masonry
31:39 Leather Archer Armor
32:11 Murder Holes
33:45 Chain Mail Armor
35:23 Thumb Ring
37:16 Ballistics
37:10 Treadmill Crane
37:48 Heavy Plow
38:28 Wheelbarrow
37:25 Long Swordsman
39:41 Bow Saw
41:31 Coinage
43:35 Scale Barding Armor
43:58 Caravan
44:30 Guard Tower
45:41 Gold Mining
45:44 Stone Mining
48:40 Elite Skirmisher
49:13 Pikeman
50:15 Chain Barding Armor
51:49 Clerical Recruitment
55:19 Heated Shot
56:51 Sanctity
60:16 Imperial Age
Jackpot
12:24 Feudal Age
10:41 Loom
12:48 Horse Collar
12:58 Double-Bit Axe
18:39 Wheelbarrow
20:48 Castle Age
19:24 Stone Mining
22:33 Bow Saw
22:28 Heavy Plow
23:09 Stone Shaft Mining
22:37 Gold Mining
26:29 Hand Cart
26:03 Loom
27:01 Gold Shaft Mining
26:45 Squires
26:30 Gambesons
26:08 Man-at-Arms
26:36 Arson
26:54 Scale Mail Armor
27:05 Forging
31:53 Imperial Age
30:14 Gambesons
30:33 Squires
30:20 Arson
29:58 Man-at-Arms
30:52 Forging
30:43 Scale Mail Armor
30:53 Caravan
32:03 Elite Varangian Guard
33:10 Town Watch
35:12 Chain Mail Armor
35:32 Iron Casting
37:01 Chemistry
36:46 Conscription
37:12 Iron Casting
37:09 Plate Mail Armor
40:06 Blast Furnace
39:38 Onager
39:43 Long Swordsman
42:09 Northmen's Fury
42:14 Hamask
42:18 Two-Handed Swordsman
42:26 Pikeman
49:05 Elite Jomsviking
53:32 Chemistry
54:11 Two-Handed Swordsman
55:05 Champion
Ironkinghard
13:01 Feudal Age
14:30 Wheelbarrow
14:15 Double-Bit Axe
20:41 Castle Age
21:41 Gold Mining
21:47 Pikeman
21:50 Man-at-Arms
23:05 Hand Cart
22:56 Horse Collar
23:16 Stone Mining
24:41 Bow Saw
25:53 Gold Shaft Mining
32:02 Caravan
37:40 Imperial Age
37:18 Padded Archer Armor
37:09 Fletching
37:30 Forging
37:50 Elite Longbowman
38:24 Elite Skirmisher
42:00 Two-Man Saw
43:15 Cavalier
46:51 Heavy Plow
47:46 Yeomen
LookVil
5:50 Loom
10:53 Feudal Age
19:22 Horse Collar
20:22 Wheelbarrow
25:35 Castle Age
24:57 Double-Bit Axe
26:43 Pikeman
27:24 Squires
30:35 Town Watch
31:02 Forging
30:54 Scale Mail Armor
40:41 Imperial Age
38:30 Hand Cart
41:42 Iron Casting
41:22 Chain Mail Armor
42:19 Elite Samurai
43:20 Conscription
43:21 Kataparuto
44:30 Blast Furnace
44:31 Man-at-Arms
44:56 Gambesons
44:58 Arson
45:16 Long Swordsman
46:42 Caravan
46:40 Two-Handed Swordsman
48:44 Plate Mail Armor
48:17 Champion
A7NationAshyCouldn'tHoldMeBack
0:44 Loom
13:27 Feudal Age
13:12 Horse Collar
13:34 Double-Bit Axe
17:24 Stone Mining
17:32 Gold Mining
23:49 Man-at-Arms
27:54 Castle Age
35:07 Long Swordsman
35:48 Squires
39:13 Thumb Ring
38:29 Crossbowman
39:22 Thumb Ring
40:47 Ballistics
44:32 Husbandry
45:21 Caravan
48:20 Bow Saw
49:57 Padded Archer Armor
49:48 Fletching
51:18 Leather Archer Armor
50:31 Elite Skirmisher
51:32 Heated Shot
54:41 Masonry
54:13 Pikeman
Lag
9:10 Feudal Age
9:39 Horse Collar
10:19 Double-Bit Axe
18:49 Loom
23:11 Castle Age
23:46 Fletching
Connection lost

Rejoining the realm…

Still unreachable

The connection could not be restored.

Session expired

The server has moved on; the page needs a fresh start.